[ AOE2 MATCH · #506803411 ]
UnrankedItalians vs Goths
Player's team · LOSS
Rival team · WIN
[ REPLAY ANALYSIS · EXTRACTED FROM THE RECORDED GAME ]
Feudal
9:23
Castle
24:55
Imperial
39:06
| APM avg | 68.5 |
| APM peak | 113 |
| eAPM avg | 29.5 |
| Villagers / military | 124 / 72 |
Focus
⚔️ 33.8% · 🌾 66.2%
Archer ×25 · Scout Cavalry ×19 · Scorpion ×14 · Knight ×8 · Monk ×2 · Bombard Cannon ×2
Feudal
9:03
Castle
22:09
Imperial
37:57
| APM avg | 78.1 |
| APM peak | 114 |
| eAPM avg | 29.9 |
| Villagers / military | 161 / 138 |
Focus
⚔️ 38.9% · 🌾 61.1%
Huskarl ×67 · Skirmisher ×57 · Trebuchet (Packed) ×5 · Monk ×4 · Militia ×4 · Spearman ×1
Match map
Initial resources + every placement click. Lines = walls · curves = elevation contours. ◆ gold · ⬟ stone · ● berries · ✦ relic · ◌ wall gap
Your base· Open — 2t gap
unfold's base· ✓ Closed at 22:09 · 11t walls · 2 gate(s)
Smoothed initial terrain · ◌ = detected wall gap · hover for details
Inputs per minute
— Mutn - - unfold
Build order — Mutn
First 150 of 315 actions detected
| 0:00 | Create | Villager (Male) |
| 0:00 | Create | Villager (Male) |
| 0:04 | Build | House |
| 0:06 | Build | House |
| 0:14 | Create | Villager (Male) |
| 0:33 | Create | Villager (Male) |
| 1:27 | Create | Villager (Male) |
| 1:47 | Build | Lumber Camp |
| 1:56 | Create | Villager (Male) |
| 2:24 | Create | Villager (Male) |
| 2:25 | Create | Villager (Male) |
| 2:48 | Create | Villager (Male) |
| 3:20 | Create | Villager (Male) |
| 3:21 | Create | Villager (Male) |
| 3:25 | Build | House |
| 3:39 | Create | Villager (Male) |
| 4:02 | Create | Villager (Male) |
| 4:27 | Create | Villager (Male) |
| 4:52 | Create | Villager (Male) |
| 5:17 | Create | Villager (Male) |
| 5:48 | Create | Villager (Male) |
| 5:56 | Research | Loom |
| 6:45 | Create | Villager (Male) |
| 6:51 | Build | Barracks |
| 7:13 | Research | Feudal Age |
| 7:34 | Build | Mining Camp |
| 7:51 | Build | House |
| 7:54 | Build | Palisade Wall |
| 7:58 | Build | Palisade Wall |
| 8:04 | Build | Palisade Wall |
| 8:07 | Build | Palisade Wall |
| 8:09 | Build | Palisade Wall |
| 8:11 | Build | Palisade Wall |
| 8:47 | Build | House |
| 9:06 | Create | Villager (Male) |
| 9:06 | Create | Villager (Male) |
| 9:23 | Age | Feudal Age |
| 9:24 | Build | Archery Range |
| 9:26 | Build | Archery Range |
| 9:51 | Create | Villager (Male) |
| 10:06 | Create | Archer |
| 10:07 | Create | Archer |
| 10:12 | Create | Villager (Male) |
| 10:33 | Build | Blacksmith |
| 10:39 | Create | Archer |
| 10:44 | Create | Archer |
| 10:59 | Create | Villager (Male) |
| 11:27 | Research | Fletching |
| 11:41 | Create | Archer |
| 11:41 | Create | Archer |
| 11:41 | Create | Archer |
| 11:46 | Build | House |
| 11:52 | Build | House |
| 11:53 | Build | House |
| 12:00 | Create | Villager (Male) |
| 12:00 | Create | Archer |
| 12:26 | Create | Archer |
| 12:26 | Create | Archer |
| 12:27 | Create | Villager (Male) |
| 12:42 | Build | Watch Tower |
| 12:46 | Create | Villager (Male) |
| 13:07 | Build | Mill |
| 13:25 | Create | Villager (Male) |
| 13:26 | Create | Villager (Male) |
| 13:41 | Create | Archer |
| 13:41 | Create | Archer |
| 13:44 | Build | House |
| 13:51 | Create | Villager (Male) |
| 14:12 | Create | Archer |
| 14:12 | Create | Archer |
| 14:39 | Build | House |
| 14:40 | Create | Villager (Male) |
| 14:57 | Build | Farm |
| 14:57 | Build | Farm |
| 14:58 | Build | Farm |
| 15:05 | Create | Villager (Male) |
| 15:07 | Create | Archer |
| 15:07 | Create | Archer |
| 15:08 | Create | Archer |
| 15:10 | Build | House |
| 15:27 | Create | Villager (Male) |
| 15:54 | Build | House |
| 16:01 | Create | Archer |
| 16:01 | Create | Archer |
| 16:01 | Create | Villager (Male) |
| 16:02 | Create | Villager (Male) |
| 16:04 | Build | Farm |
| 16:05 | Build | Farm |
| 16:11 | Create | Villager (Male) |
| 16:14 | Create | Archer |
| 16:32 | Create | Villager (Male) |
| 16:34 | Build | House |
| 16:35 | Build | Farm |
| 16:36 | Build | Farm |
| 16:48 | Create | Villager (Male) |
| 17:12 | Create | Villager (Male) |
| 17:14 | Build | Farm |
| 17:19 | Create | Archer |
| 17:19 | Create | Archer |
| 17:34 | Create | Villager (Male) |
| 17:35 | Build | Farm |
| 17:39 | Build | Farm |
| 17:39 | Build | Farm |
| 17:45 | Create | Villager (Male) |
| 17:47 | Build | Farm |
| 18:02 | Create | Villager (Male) |
| 18:08 | Build | Stable |
| 18:22 | Create | Villager (Male) |
| 18:28 | Create | Archer |
| 18:29 | Create | Archer |
| 18:29 | Create | Villager (Male) |
| 18:31 | Build | House |
| 18:56 | Create | Scout Cavalry |
| 18:58 | Build | House |
| 18:59 | Build | House |
| 19:19 | Create | Scout Cavalry |
| 19:28 | Build | Farm |
| 19:40 | Create | Villager (Male) |
| 19:41 | Create | Archer |
| 19:51 | Build | Market |
| 20:09 | Create | Scout Cavalry |
| 20:26 | Research | Scale Barding Armor |
| 20:30 | Create | Villager (Male) |
| 21:14 | Create | Scout Cavalry |
| 21:35 | Create | Villager (Male) |
| 21:42 | Build | Farm |
| 21:43 | Build | Farm |
| 21:43 | Build | Farm |
| 21:43 | Build | Farm |
| 21:49 | Create | Villager (Male) |
| 22:15 | Research | Castle Age |
| 22:28 | Create | Villager (Male) |
| 22:31 | Build | Stable |
| 22:56 | Create | Villager (Male) |
| 23:18 | Research | Double-Bit Axe |
| 23:19 | Research | Horse Collar |
| 23:30 | Research | Bloodlines |
| 23:34 | Create | Villager (Male) |
| 24:55 | Age | Castle Age |
| 24:57 | Create | Knight |
| 24:57 | Create | Knight |
| 24:59 | Research | Crossbowman (upgrade) |
| 24:59 | Research | Bodkin Arrow |
| 25:38 | Build | Town Center |
| 25:40 | Create | Villager (Male) |
| 25:47 | Create | Villager (Male) |
| 25:50 | Build | Farm |
| 25:51 | Build | Farm |
| 25:51 | Build | Farm |
| 25:51 | Build | Farm |
Build order — unfold
First 150 of 463 actions detected
| 0:00 | Create | Villager (Male) |
| 0:00 | Create | Villager (Male) |
| 0:01 | Build | House |
| 0:04 | Build | House |
| 0:09 | Create | Villager (Male) |
| 0:15 | Create | Villager (Male) |
| 1:13 | Create | Villager (Male) |
| 1:54 | Create | Villager (Male) |
| 2:15 | Build | Lumber Camp |
| 2:26 | Create | Villager (Male) |
| 2:43 | Create | Villager (Male) |
| 2:48 | Create | Villager (Male) |
| 3:33 | Create | Villager (Male) |
| 3:36 | Create | Villager (Male) |
| 3:45 | Create | Villager (Male) |
| 3:48 | Build | House |
| 4:27 | Research | Loom |
| 4:43 | Create | Villager (Male) |
| 5:03 | Build | Barracks |
| 5:16 | Create | Villager (Male) |
| 5:20 | Build | House |
| 5:43 | Create | Villager (Male) |
| 6:17 | Create | Villager (Male) |
| 6:28 | Build | Mining Camp |
| 6:53 | Research | Feudal Age |
| 7:03 | Create | Militia |
| 7:16 | Create | Militia |
| 7:24 | Build | Palisade Wall |
| 7:26 | Build | Palisade Wall |
| 7:31 | Create | Militia |
| 7:50 | Create | Militia |
| 7:57 | Build | House |
| 8:07 | Build | House |
| 8:23 | Build | House |
| 8:39 | Create | Villager (Male) |
| 8:41 | Build | Palisade Wall |
| 9:03 | Age | Feudal Age |
| 9:03 | Research | Man-at-Arms (upgrade) |
| 9:04 | Research | Double-Bit Axe |
| 9:04 | Research | Double-Bit Axe |
| 9:07 | Create | Villager (Male) |
| 9:21 | Create | Villager (Male) |
| 9:25 | Build | Mill |
| 9:32 | Create | Villager (Male) |
| 9:35 | Build | Palisade Gate |
| 9:36 | Build | Palisade Wall |
| 9:38 | Create | Villager (Male) |
| 9:53 | Create | Villager (Male) |
| 10:16 | Create | Villager (Male) |
| 10:19 | Build | Archery Range |
| 10:32 | Create | Villager (Male) |
| 10:46 | Build | House |
| 11:05 | Create | Skirmisher |
| 11:05 | Create | Skirmisher |
| 11:10 | Create | Villager (Male) |
| 11:16 | Create | Villager (Male) |
| 11:21 | Build | Farm |
| 11:25 | Create | Skirmisher |
| 11:27 | Create | Villager (Male) |
| 11:49 | Build | Blacksmith |
| 11:51 | Create | Villager (Male) |
| 11:55 | Create | Skirmisher |
| 12:00 | Build | Palisade Wall |
| 12:04 | Build | Blacksmith |
| 12:18 | Build | Farm |
| 12:29 | Build | House |
| 12:42 | Create | Villager (Male) |
| 12:52 | Create | Skirmisher |
| 12:53 | Research | Fletching |
| 12:56 | Create | Villager (Male) |
| 13:01 | Build | House |
| 13:02 | Build | House |
| 13:05 | Create | Villager (Male) |
| 13:07 | Build | Farm |
| 13:09 | Build | Farm |
| 13:17 | Create | Skirmisher |
| 13:28 | Research | Padded Archer Armor |
| 13:29 | Create | Skirmisher |
| 13:31 | Create | Villager (Male) |
| 13:38 | Build | Farm |
| 13:43 | Build | House |
| 13:44 | Build | Palisade Wall |
| 13:46 | Create | Skirmisher |
| 13:49 | Build | Farm |
| 13:53 | Create | Villager (Male) |
| 14:03 | Create | Villager (Male) |
| 14:11 | Build | Farm |
| 14:16 | Create | Villager (Male) |
| 14:18 | Build | Farm |
| 14:29 | Create | Skirmisher |
| 14:33 | Create | Villager (Male) |
| 14:37 | Build | Farm |
| 14:43 | Create | Skirmisher |
| 14:49 | Build | House |
| 15:01 | Create | Skirmisher |
| 15:05 | Create | Villager (Male) |
| 15:12 | Create | Skirmisher |
| 15:16 | Build | Outpost |
| 15:25 | Create | Skirmisher |
| 15:40 | Create | Villager (Male) |
| 15:40 | Create | Skirmisher |
| 15:49 | Build | Farm |
| 15:50 | Build | Farm |
| 15:51 | Build | Farm |
| 15:52 | Build | Farm |
| 15:53 | Build | Farm |
| 15:58 | Create | Skirmisher |
| 16:00 | Create | Villager (Male) |
| 16:02 | Create | Skirmisher |
| 16:05 | Build | Outpost |
| 16:14 | Create | Villager (Male) |
| 16:22 | Create | Skirmisher |
| 16:28 | Build | Farm |
| 16:35 | Create | Villager (Male) |
| 16:42 | Create | Villager (Male) |
| 16:45 | Build | Farm |
| 16:58 | Create | Villager (Male) |
| 17:29 | Create | Skirmisher |
| 17:37 | Create | Villager (Male) |
| 17:39 | Build | Lumber Camp |
| 17:43 | Create | Villager (Male) |
| 17:46 | Build | Palisade Gate |
| 17:50 | Build | Palisade Gate |
| 18:05 | Build | Palisade Wall |
| 18:06 | Create | Skirmisher |
| 18:12 | Create | Villager (Male) |
| 18:14 | Build | Market |
| 18:27 | Create | Villager (Male) |
| 18:29 | Build | Farm |
| 18:47 | Create | Villager (Male) |
| 19:29 | Research | Castle Age |
| 19:34 | Build | Lumber Camp |
| 19:35 | Create | Skirmisher |
| 19:41 | Build | Outpost |
| 19:54 | Research | Horse Collar |
| 19:54 | Research | Horse Collar |
| 20:14 | Create | Skirmisher |
| 20:19 | Build | House |
| 20:25 | Build | House |
| 20:25 | Build | House |
| 20:26 | Build | House |
| 20:30 | Build | Outpost |
| 20:38 | Build | Archery Range |
| 20:39 | Create | Skirmisher |
| 21:14 | Build | Watch Tower |
| 21:20 | Create | Villager (Male) |
| 21:26 | Build | Stable |
| 21:41 | Create | Villager (Male) |
| 21:47 | Build | Palisade Wall |
| 22:09 | Age | Castle Age |
Match timeline
| 5:03 | unfold · first_building Barracks |
| 6:51 | Mutn · first_building Barracks |
| 7:24 | unfold · wall_segment Palisade Wall x1 |
| 7:26 | unfold · wall_segment Palisade Wall x1 |
| 7:54 | Mutn · wall_segment Palisade Wall x1 |
| 7:58 | Mutn · wall_segment Palisade Wall x1 |
| 8:04 | Mutn · wall_segment Palisade Wall x1 |
| 8:07 | Mutn · wall_segment Palisade Wall x1 |
| 8:09 | Mutn · wall_segment Palisade Wall x1 |
| 8:11 | Mutn · wall_segment Palisade Wall x1 |
| 8:41 | unfold · wall_segment Palisade Wall x4 |
| 9:03 | unfold · age_up feudal |
| 9:23 | Mutn · age_up feudal |
| 9:24 | Mutn · first_building Archery Range |
| 9:36 | unfold · wall_segment Palisade Wall x1 |
| 10:19 | unfold · first_building Archery Range |
| 12:00 | unfold · wall_segment Palisade Wall x1 |
| 13:44 | unfold · wall_segment Palisade Wall x1 |
| 18:05 | unfold · wall_segment Palisade Wall x1 |
| 18:08 | Mutn · first_building Stable |
| 18:58 | unfold · first_market_sell 500 wood |
| 18:58 | unfold · first_market_buy 100 food |
| 21:26 | unfold · first_building Stable |
| 21:47 | unfold · wall_segment Palisade Wall x1 |
| 21:50 | Mutn · first_market_buy 100 food |
| 21:51 | Mutn · first_market_sell 100 wood |
| 22:09 | unfold · age_up castle |
| 22:17 | unfold · wall_segment Palisade Wall x1 |
| 22:28 | unfold · wall_segment Palisade Wall x1 |
| 24:55 | Mutn · age_up castle |
| 26:00 | unfold · first_building Monastery |
| 29:14 | Mutn · first_building Monastery |
| 30:10 | unfold · first_building Castle |
| 33:54 | Mutn · first_building Castle |
| 36:16 | unfold · wall_segment Palisade Wall x1 |
| 36:46 | Mutn · first_building Siege Workshop |
| 37:57 | unfold · age_up imperial |
| 39:06 | Mutn · age_up imperial |
| 40:05 | Mutn · wall_segment Stone Wall x11 |
| 41:13 | Mutn · wall_segment Stone Wall x5 |
| 42:00 | Mutn · resign |
[ AI ANALYSIS · 1 CREDIT ]
What really happened in this match?
Wolo.gg analyzes every decision: build order, eco, micro, common mistakes by bracket. Personalized analysis on WhatsApp or Discord in 30 seconds.
Civ guide
Italians
Perfil
Mutn